NCAA
OHIO STATE BUCKEYES @ WASHINGTON STATE COUGARS
05/24/2027
 
TOP OF THE 1ST
Ohio State Buckeyes batting - Pitching for Washington State Cougars : RHP Kirby Wilkerson
Pitching: RHP Kirby Wilkerson
Batting: SHB Theodore Draper 0-0: Swinging Strike
0-1: Ball
1-1: Ball
2-1: Swinging Strike
2-2: Strikes out swinging
Batting: RHB Josh Joyner 0-0: Called Strike
0-1: Ball
1-1: Ball
2-1: Single, Error in OF, E8, batter to second base
Batting: LHB Roberto Herrera 0-0: Foul Ball, location: 2F
0-1: Ball
1-1: Ball
2-1: Fly out, F7 (Flyball, 7LM)
Batting: RHB Richie Sawyer 0-0: DOUBLE (Flyball, 89M)
Josh Joyner scores
Batting: SHB Bill House 0-0: Called Strike
0-1: Foul Ball, location: 2F
0-2: Ball
1-2: Fly out, F7 (Line Drive, 7LS)
Top of the 1st over - 1 run(s), 2 hit(s), 1 error(s), 1 left on base; Ohio State 1 - Washington State 0
BOTTOM OF THE 1ST
Washington State Cougars batting - Pitching for Ohio State Buckeyes : RHP Ben Graham
Pitching: RHP Ben Graham
Batting: RHB Montego Martínez 0-0: Called Strike
0-1: Foul Ball, location: 2F
0-2: Fly out, F9 (Flyball, 9S)
Batting: RHB Brian Austin 0-0: Called Strike
0-1: Swinging Strike
0-2: Ball
1-2: Strikes out swinging
Batting: LHB Conan Bush 0-0: Ball
1-0: Called Strike
1-1: Swinging Strike
1-2: Ball
2-2: Ball
3-2: Ground out U3 (Groundball, 34)
Bottom of the 1st over - 0 run(s), 0 hit(s), 0 error(s), 0 left on base; Ohio State 1 - Washington State 0
TOP OF THE 2ND
Ohio State Buckeyes batting - Pitching for Washington State Cougars : RHP Kirby Wilkerson
Batting: RHB George Pierce 0-0: Ball
1-0: Called Strike
1-1: Swinging Strike
1-2: Foul Ball, location: 2F
1-2: Ball
2-2: Strikes out swinging
Batting: LHB Abraham Horton 0-0: SOLO HOME RUN (Flyball, 7D), Distance : 347 ft
Batting: RHB Edgardo Gonzáles 0-0: Called Strike
0-1: Ball
1-1: Called Strike
1-2: Foul Ball, location: 2F
1-2: Ball
2-2: Fly out, F9 (Flyball, 9)
Batting: RHB George Townsley 0-0: Ball
1-0: Called Strike
1-1: Called Strike
1-2: Ball
2-2: Ball
3-2: Foul Ball, location: 2F
3-2: Ground out 4-3 (Groundball, 4)
Top of the 2nd over - 1 run(s), 1 hit(s), 0 error(s), 0 left on base; Ohio State 2 - Washington State 0
BOTTOM OF THE 2ND
Washington State Cougars batting - Pitching for Ohio State Buckeyes : RHP Ben Graham
Batting: RHB Jesús Domínguez 0-0: Called Strike
0-1: Called Strike
0-2: Foul Ball, location: 2F
0-2: Ball
1-2: Ball
2-2: Strikes out swinging
Batting: LHB Andrew Lockhart 0-0: Called Strike
0-1: Foul Ball, location: 2F
0-2: Ball
1-2: Ball
2-2: Ball
3-2: Foul Ball, location: 2F
3-2: Foul Ball, location: 2F
3-2: Strikes out swinging
Batting: RHB John Hall 0-0: Ball
1-0: Foul Ball, location: 2F
1-1: Ball
2-1: Called Strike
2-2: Ball
3-2: SINGLE (Groundball, 56D)
Batting: RHB Rick Holman 0-0: DOUBLE (Flyball, 9LM)
John Hall to third
Batting: RHB Nick Bailey 0-0: Fly out, F8 (Flyball, 8RS)
Bottom of the 2nd over - 0 run(s), 2 hit(s), 0 error(s), 2 left on base; Ohio State 2 - Washington State 0
TOP OF THE 3RD
Ohio State Buckeyes batting - Pitching for Washington State Cougars : RHP Kirby Wilkerson
Batting: SHB Theodore Draper 0-0: Ball
1-0: Ball
2-0: Called Strike
2-1: Fly out, F8 (Flyball, 8LS)
Batting: RHB Josh Joyner 0-0: Swinging Strike
Error on foul ball, E3
0-2: Ball
1-2: SINGLE (Groundball, 34D)
Batting: LHB Roberto Herrera 0-0: Ball
1-0: Reached on error, E3 (Groundball, 3S)
Josh Joyner to second
Batting: RHB Richie Sawyer 0-0: Foul Ball, location: 2F
0-1: Grounds into double play, 6-4-3 (Groundball, 6)
Top of the 3rd over - 0 run(s), 1 hit(s), 2 error(s), 1 left on base; Ohio State 2 - Washington State 0
BOTTOM OF THE 3RD
Washington State Cougars batting - Pitching for Ohio State Buckeyes : RHP Ben Graham
Batting: RHB Lawrence Vaughn 0-0: SINGLE (Line Drive, 6MD)
Batting: RHB Montego Martínez 0-0: Called Strike
0-1: Ball
1-1: Swinging Strike
1-2: Ball
2-2: Foul Ball, location: 2F
2-2: Ball
3-2: Grounds into double play, 5-4-3 (Groundball, 5)
Batting: RHB Brian Austin 0-0: Ball
1-0: Foul Ball, location: 2F
1-1: Foul Ball, location: 2F
1-2: Foul Ball, location: 2F
1-2: Strikes out swinging
Bottom of the 3rd over - 0 run(s), 1 hit(s), 0 error(s), 0 left on base; Ohio State 2 - Washington State 0
TOP OF THE 4TH
Ohio State Buckeyes batting - Pitching for Washington State Cougars : RHP Kirby Wilkerson
Batting: SHB Bill House 0-0: Swinging Strike
0-1: Fly out, F6 (Line Drive, 6M)
Batting: RHB George Pierce 0-0: SINGLE (Line Drive, 56)
Batting: LHB Abraham Horton 0-0: Called Strike
0-1: Called Strike
0-2: DOUBLE (Groundball, 5L)
George Pierce to third
Batting: RHB Edgardo Gonzáles 0-0: Ball
1-0: Ball
2-0: Ball
Wild Pitch!
George Pierce scores
Abraham Horton to third
3-0: Base on Balls
Batting: RHB George Townsley 0-0: Foul Ball, location: 2F
0-1: Ball
1-1: Ball
2-1: Called Strike
2-2: Foul Ball, location: 2F
2-2: Strikes out swinging
Batting: SHB Theodore Draper 0-0: Ball
1-0: Ball
2-0: Ground out U3 (Groundball, 3)
Top of the 4th over - 1 run(s), 2 hit(s), 0 error(s), 2 left on base; Ohio State 3 - Washington State 0
BOTTOM OF THE 4TH
Washington State Cougars batting - Pitching for Ohio State Buckeyes : RHP Ben Graham
Batting: LHB Conan Bush 0-0: Ground out 1-3 (Groundball, 13)
Batting: RHB Jesús Domínguez 0-0: Ball
1-0: Foul Ball, location: 2F
1-1: Called Strike
1-2: Ball
2-2: Strikes out looking
Batting: LHB Andrew Lockhart 0-0: SINGLE (Groundball, 6MD)
Batting: RHB John Hall 0-0: Foul Ball, location: 2F
0-1: Ball
1-1: Called Strike
1-2: Reached on error, E5 (Groundball, 5)
Andrew Lockhart to second
Batting: RHB Rick Holman 0-0: Called Strike
0-1: Ball
1-1: Ground out 1-3 (Groundball, 13S)
Bottom of the 4th over - 0 run(s), 1 hit(s), 1 error(s), 2 left on base; Ohio State 3 - Washington State 0
TOP OF THE 5TH
Ohio State Buckeyes batting - Pitching for Washington State Cougars : RHP Kirby Wilkerson
Batting: RHB Josh Joyner 0-0: Swinging Strike
0-1: Called Strike
0-2: Strikes out swinging, 2-3 out at first.
Batting: LHB Roberto Herrera 0-0: Swinging Strike
0-1: Swinging Strike
0-2: Ball
1-2: Foul Ball, location: 2F
1-2: Strikes out swinging
Batting: RHB Richie Sawyer 0-0: Called Strike
0-1: Foul Ball, location: 2F
0-2: Ball
1-2: Foul Ball, location: 2F
1-2: Ball
2-2: Ground out 4-3 (Groundball, 4)
Top of the 5th over - 0 run(s), 0 hit(s), 0 error(s), 0 left on base; Ohio State 3 - Washington State 0
BOTTOM OF THE 5TH
Washington State Cougars batting - Pitching for Ohio State Buckeyes : RHP Ben Graham
Batting: RHB Nick Bailey 0-0: SINGLE (Line Drive, 4D)
Batting: RHB Lawrence Vaughn 0-0: SINGLE (Groundball, 4D)
Nick Bailey to second
Runner from 2nd tries for 3rd, SAFE, no throw
Batting: RHB Montego Martínez 0-0: Ball
1-0: Swinging Strike
1-1: Called Strike
1-2: Strikes out swinging
Batting: RHB Brian Austin 0-0: Ball
1-0: 3-RUN HOME RUN (Line Drive, 9D), Distance : 359 ft
Batting: LHB Conan Bush 0-0: Ball
1-0: Fly out, F8 (Flyball, 8RS)
Batting: RHB Jesús Domínguez 0-0: Ball
1-0: Ball
2-0: Called Strike
2-1: Foul Ball, location: 2F
2-2: Strikes out looking
Bottom of the 5th over - 3 run(s), 3 hit(s), 0 error(s), 0 left on base; Ohio State 3 - Washington State 3
TOP OF THE 6TH
Ohio State Buckeyes batting - Pitching for Washington State Cougars : RHP Kirby Wilkerson
Pitching: RHP Wilford Hodge
Batting: SHB Bill House 0-0: Ball
1-0: Ball
2-0: Called Strike
2-1: Foul Ball, location: 2F
2-2: Foul Ball, location: 2F
2-2: Ball
3-2: Strikes out swinging
Batting: RHB George Pierce 0-0: Ground out 1-3 (Groundball, 13S)
Batting: LHB Abraham Horton 0-0: Called Strike
0-1: Called Strike
0-2: SINGLE (Line Drive, 7S)
Batting: RHB Edgardo Gonzáles 0-0: 2-RUN HOME RUN (Flyball, 7D), Distance : 357 ft
Pitching: RHP Emílio Marín
Batting: RHB George Townsley 0-0: Called Strike
0-1: Swinging Strike
0-2: Strikes out looking
Top of the 6th over - 2 run(s), 2 hit(s), 0 error(s), 0 left on base; Ohio State 5 - Washington State 3
BOTTOM OF THE 6TH
Washington State Cougars batting - Pitching for Ohio State Buckeyes : RHP Ben Graham
Batting: LHB Andrew Lockhart 0-0: Ball
1-0: Called Strike
1-1: Ground out 6-3 (Groundball, 6)
Pitching: RHP Don Feightner
Batting: RHB John Hall 0-0: Ball
1-0: Called Strike
1-1: Ball
2-1: Swinging Strike
2-2: Fly out, F5 (Popup, 5S)
Batting: RHB Rick Holman 0-0: Ball
1-0: Ball
2-0: Ball
3-0: Base on Balls
Batting: RHB Nick Bailey 0-0: Fly out, F4 (Line Drive, 4)
Bottom of the 6th over - 0 run(s), 0 hit(s), 0 error(s), 1 left on base; Ohio State 5 - Washington State 3
TOP OF THE 7TH
Ohio State Buckeyes batting - Pitching for Washington State Cougars : RHP Emílio Marín
Batting: SHB Theodore Draper 0-0: Ball
1-0: Ball
2-0: Swinging Strike
2-1: TRIPLE (Flyball, 8RD)
Batting: RHB Josh Joyner 0-0: Ball
1-0: Ball
2-0: Ball
3-0: Called Strike
3-1: Base on Balls
Batting: LHB Roberto Herrera 0-0: Ball
1-0: Foul Ball, location: 2F
1-1: Ball
2-1: Foul Ball, location: 2F
2-2: Strikes out swinging
Batting: RHB Richie Sawyer 0-0: Ball
1-0: Ball
Wild Pitch!
Theodore Draper scores
Josh Joyner to second
2-0: Ball
3-0: Called Strike
3-1: Foul Ball, location: 2F
3-2: Base on Balls
Batting: SHB Bill House 0-0: Called Strike
0-1: Swinging Strike
0-2: Fly out, F9 (Flyball, 9)
Batting: RHB George Pierce 0-0: Called Strike
0-1: Ball
1-1: Foul Ball, location: 2F
1-2: Fielders Choice at 2nd, 6-4 (Groundball, 6)
Top of the 7th over - 1 run(s), 1 hit(s), 0 error(s), 1 left on base; Ohio State 6 - Washington State 3
BOTTOM OF THE 7TH
Washington State Cougars batting - Pitching for Ohio State Buckeyes : RHP Don Feightner
Batting: RHB Lawrence Vaughn 0-0: Ball
1-0: Ground out 6-3 (Groundball, 6)
Batting: RHB Montego Martínez 0-0: Ball
1-0: Ground out 5-3 (Groundball, 56S)
Batting: RHB Brian Austin 0-0: Called Strike
0-1: Ball
1-1: Called Strike
1-2: Strikes out swinging
Bottom of the 7th over - 0 run(s), 0 hit(s), 0 error(s), 0 left on base; Ohio State 6 - Washington State 3
TOP OF THE 8TH
Ohio State Buckeyes batting - Pitching for Washington State Cougars : RHP Emílio Marín
Batting: LHB Abraham Horton 0-0: Ball
1-0: Ball
2-0: Ball
3-0: Called Strike
3-1: Base on Balls
Batting: RHB Edgardo Gonzáles 0-0: Ball
1-0: Ball
2-0: Sac Bunt - play at first, batter OUT! 1-4
Abraham Horton to second
Batting: RHB George Townsley 0-0: Called Strike
0-1: Called Strike
0-2: Strikes out looking
Batting: SHB Theodore Draper 0-0: Ball
1-0: Ball
2-0: Called Strike
2-1: SINGLE (Groundball, 34D)
Abraham Horton to third
Runner from 3rd tries for Home, SAFE, no throw
Pitching: RHP Allan Dotson
Batting: RHB Josh Joyner 0-0: Called Strike
0-1: Ball
1-1: Called Strike
1-2: Foul Ball, location: 2F
1-2: Ball
2-2: Foul Ball, location: 2F
2-2: Ball
3-2: Base on Balls
Theodore Draper to second
Batting: LHB Roberto Herrera 0-0: Fly out, F6 (Popup, 6D)
Top of the 8th over - 1 run(s), 1 hit(s), 0 error(s), 2 left on base; Ohio State 7 - Washington State 3
BOTTOM OF THE 8TH
Washington State Cougars batting - Pitching for Ohio State Buckeyes : RHP Don Feightner
Batting: LHB Conan Bush 0-0: Swinging Strike
0-1: Ball
1-1: Swinging Strike
1-2: Ball
2-2: Ball
3-2: Foul Ball, location: 2F
3-2: Fly out, F8 (Flyball, 8RD)
Batting: RHB Jesús Domínguez 0-0: Swinging Strike
0-1: Ball
1-1: Foul Ball, location: 2F
1-2: Ball
2-2: Foul Ball, location: 2F
2-2: Fly out, F8 (Line Drive, 8RD)
Batting: LHB Andrew Lockhart 0-0: Ball
1-0: SINGLE (Flyball, 8RS)
Batting: RHB John Hall 0-0: Ball
1-0: Foul Ball, location: 2F
1-1: Ball
2-1: Ball
3-1: Base on Balls
Andrew Lockhart to second
Batting: RHB Rick Holman 0-0: Foul Ball, location: 2F
0-1: Foul Ball, location: 2F
0-2: Ball
1-2: Reached on error, E6 (Groundball, 6)
Andrew Lockhart to third
John Hall to second
Batting: RHB Nick Bailey 0-0: Foul Ball, location: 2F
0-1: Foul Ball, location: 2F
0-2: Ball
1-2: Foul Ball, location: 2F
1-2: Ball
2-2: Ball
3-2: Base on Balls
Andrew Lockhart scores
John Hall to third
Rick Holman to second
Pinch Hitting: RHB Juan Flores 0-0: Foul Ball, location: 2F
0-1: Ball
1-1: Ball
2-1: Foul Ball, location: 2F
2-2: Strikes out swinging
Bottom of the 8th over - 1 run(s), 1 hit(s), 1 error(s), 3 left on base; Ohio State 7 - Washington State 4
TOP OF THE 9TH
Ohio State Buckeyes batting - Pitching for Washington State Cougars : RHP Allan Dotson
Pitching: RHP Ken Ritchie
Now at 3B: Ismael Rodríguez
Batting: RHB Richie Sawyer 0-0: Ball
1-0: Fly out, F9 (Flyball, 9)
Batting: SHB Bill House 0-0: Called Strike
0-1: Ball
1-1: Ball
2-1: Ball
3-1: Called Strike
3-2: Ground out U3 (Groundball, 34)
Batting: RHB George Pierce 0-0: Called Strike
0-1: Ball
1-1: Swinging Strike
1-2: Strikes out swinging
Top of the 9th over - 0 run(s), 0 hit(s), 0 error(s), 0 left on base; Ohio State 7 - Washington State 4
BOTTOM OF THE 9TH
Washington State Cougars batting - Pitching for Ohio State Buckeyes : RHP Don Feightner
Pitching: RHP Carlos Flores
Batting: RHB Montego Martínez 0-0: Called Strike
0-1: Fly out, F8 (Flyball, 8RM)
Batting: RHB Brian Austin 0-0: Ball
1-0: Foul Ball, location: 2F
1-1: Foul Ball, location: 2F
1-2: Ground out 6-3 (Groundball, 6)
Batting: LHB Conan Bush 0-0: Ball
1-0: SINGLE (Line Drive, 9S)
Batting: RHB Jesús Domínguez 0-0: Ball
1-0: Foul Ball, location: 2F
1-1: Ball
2-1: Ball
3-1: Base on Balls
Conan Bush to second
Batting: LHB Andrew Lockhart 0-0: Called Strike
0-1: Swinging Strike
0-2: Ball
1-2: Strikes out swinging
Bottom of the 9th over - 0 run(s), 1 hit(s), 0 error(s), 2 left on base; Ohio State 7 - Washington State 4
Thursday, March 30th, 2017 - OOTP Baseball 17.12 Build 75